 Dungeon Crawl Stone Soup version 0.28-a0-1415-g7c84da036a (webtiles) character file.

Game seed: 10238984097530951555

950 eustatius the Bolt Thrower (level 7, -16/38 HPs)
             Began as a Deep Elf Wanderer on Jan 8, 2022.
             Was a Priest of Elyvilon.
             Demolished by an ogre (26 damage)
             ... on level 4 of the Dungeon.
             The game lasted 00:24:55 (4078 turns).

eustatius the Bolt Thrower (Deep Elf Wanderer)      Turns: 4078, Time: 00:24:55

Health: -16/38     AC:  5    Str:  9    XL:     7   Next: 90%
Magic:  11/11      EV: 18    Int: 17    God:    Elyvilon [***...]
Gold:   135        SH:  0    Dex: 16    Spells: 5/9 levels left

rFire   . . .      SeeInvis .   a - +0 hand crossbow (vorpal)
rCold   . . .      Faith    .   (no shield)
rNeg    . . .      Spirit   .   d - +0 robe
rPois   .          Reflect  .   (no helmet)
rElec   .          Harm     .   (no cloak)
rCorr   .          Rampage  .   (no gloves)
Will    .....                   c - +0 pair of boots
Stlth   ++........              (no amulet)
HPRegen 0.12/turn               v - +4 ring of evasion
MPRegen 0.12/turn               (no ring)

@: no status effects
A: iridescent scales 1, mutation resistance 1
a: Renounce Religion, Purification, Heal Other, Heal Self


You were on level 4 of the Dungeon.
You worshipped Elyvilon.
Elyvilon was most pleased with you.
You visited 1 branch of the dungeon, and saw 4 of its levels.

You collected 135 gold pieces.

Inventory:

Hand Weapons
 a - a +0 vorpal hand crossbow (weapon)
 m - a +4 whip
 w - a +0 whip of freezing
Missiles
 b - 29 bolts (quivered ammo)
Armour
 c - a +0 pair of boots (worn)
 d - a +0 robe (worn)
Jewellery
 v - a +4 ring of evasion (left hand)
 x - an amulet of reflection
Wands
 t - a wand of iceblast (8)
Scrolls
 e - a scroll of identify
 h - a scroll of brand weapon {unknown}
 j - a scroll of enchant armour {unknown}
 k - a scroll of amnesia {unknown}
 p - a scroll of noise {unknown}
 q - a scroll of blinking
 r - a scroll of immolation {unknown}
 s - a scroll of summoning {unknown}
 u - a scroll of fear {unknown}
 y - a scroll of acquirement {unknown}
Potions
 f - a potion of mutation
 g - 4 potions of curing
 i - a potion of brilliance {unknown}
 l - a potion of flight {unknown}
 n - a potion of might
 o - a potion of attraction {unknown}
 z - a potion of degeneration {unknown}


   Skills:
 - Level 1.0 Fighting
 + Level 6.6 Crossbows
 - Level 1.5 Armour
 * Level 4.9 Dodging
 + Level 1.1 Stealth
 - Level 1.5 Spellcasting
 + Level 5.1 Hexes
 * Level 3.0 Summonings


You had 5 spell levels left.
You knew the following spells:

 Your Spells              Type           Power      Damage    Failure   Level
a - Slow                  Hex            72%        N/A       2%          1
b - Summon Guardian Gole  Hex/Summ       15%        N/A       12%         3

Your spell library contained the following spells:

 Spells                   Type           Power      Damage    Failure   Level
 Summon Small Mammal      Summ           44%        N/A       6%          1
 Confusing Touch          Hex            18%        N/A       8%          3
 Call Canine Familiar     Summ           11%        N/A       19%         3
 Passwall                 Tmut/Erth      0%         N/A       30%         2
 Scorch                   Fire           2%         2d5       30%         2
 Gell's Gravitas          Tloc           1%         N/A       52%         3
 Lesser Beckoning         Tloc           1%         N/A       52%         3
 Swiftness                Air            1%         N/A       52%         3
 Teleport Other           Tloc           1%         N/A       52%         3
 Vampiric Draining        Necr           1%         2d6       52%         3
 Flame Wave               Conj/Fire      1%         2d4       90%         4
 Summon Cactus Giant      Summ           5%         N/A       100%        6


Dungeon Overview and Level Annotations

Branches:
Dungeon (4/15)
 Temple: D:4-7

Altars:
Elyvilon

Annotations:
D:4 2 transporters, Clumpoid's ghost, weakling GnFi


Innate Abilities, Weirdness & Mutations

You are partially covered in iridescent scales. (AC +2)
You are somewhat resistant to further mutation.


Message History

You shoot a bolt. The bolt hits the ogre.
The ogre is moderately wounded.
The ogre hits you with a +0 giant spiked club!!
Ouch! That really hurt!
* * * LOW HITPOINT WARNING * * *
Fire: 33 bolts
Press: ? - help, Q - select action, (/) - cycle Shift-Dir - straight line, f/p - ogre
Aim: an ogre, wielding a +0 giant spiked club (moderately wounded, slow, 79% to hit)
You shoot a bolt. The bolt hits the ogre.
The ogre is moderately wounded.
Casting: Slow (safe; 2% risk of failure)
Confirm with . or Enter, or press ? or * to list all spells.
Aiming: Slow (safe; 2% risk of failure)
Press: ? - help, Shift-Dir - straight line, f/p - ogre
Aim: an ogre, wielding a +0 giant spiked club (moderately wounded, slow, chance to affect: 58%)
The ogre resists with significant effort.
Casting: Slow (safe; 2% risk of failure)
Confirm with . or Enter, or press ? or * to list all spells.
Aiming: Slow (safe; 2% risk of failure)
Press: ? - help, Shift-Dir - straight line, f/p - ogre
Aim: an ogre, wielding a +0 giant spiked club (moderately wounded, slow, chance to affect: 58%)
The ogre seems to slow down.
Fire: 32 bolts
Press: ? - help, Q - select action, (/) - cycle Shift-Dir - straight line, f/p - ogre
Aim: an ogre, wielding a +0 giant spiked club (moderately wounded, slow, 79% to hit)
You shoot a bolt. The bolt hits the ogre.
The ogre is severely wounded.
Fire: 31 bolts
Press: ? - help, Q - select action, (/) - cycle Shift-Dir - straight line, f/p - ogre
Aim: an ogre, wielding a +0 giant spiked club (severely wounded, slow, 79% to hit)
You shoot a bolt. The bolt hits the ogre.
The ogre is severely wounded.
Fire: 30 bolts
Press: ? - help, Q - select action, (/) - cycle Shift-Dir - straight line, f/p - ogre
Aim: an ogre, wielding a +0 giant spiked club (severely wounded, slow, 79% to hit)
You shoot a bolt. The bolt closely misses the ogre.
Unknown command.
The ogre hits you with a +0 giant spiked club!!
Ouch! That really hurt!
You die...

.........# #.#
###....### #.# #.#.##
###(#### ...#.#
#......# #####.#
#.#.##.### ##'##
#.#(##.#.## ##...##
#.#.##..#.##
##.....###.#(.O.###.#
##.......##.###.@.#.##
#.........#.##...#.##
'.........'........#
#.........#......#.#
.#.......######.##.#
.##.....## #####.# .
##...## #.....# .
##'## #.##### . #.#
#.#


You could see an ogre (slow).

Vanquished Creatures
  Pikel (D:3)
  An ice beast (D:3)
  A lemure (D:3)
  A phantom (D:4)
  A bullfrog (D:4)
  A scorpion (D:4)
  A jelly (D:4)
  An orc priest (D:3)
  An adder (D:3)
  A dart slug (D:3)
  12 orcs
  7 endoplasms
  8 giant cockroaches
  12 hobgoblins
  4 jackals (D:4)
  A quokka (D:4)
  9 ball pythons
  6 bats
  5 frilled lizards
  11 goblins
  7 kobolds
  7 rats
99 creatures vanquished.

Notes
Turn   | Place    | Note
-------+----------+-------------------------------------------
     0 | D:1      | eustatius the Deep Elf Wanderer began the quest for the
                  | Orb.
     0 | D:1      | eustatius set off with the following items: a +0 vorpal
                  | hand crossbow, 27 bolts, a +0 pair of boots, a +0 robe; and
                  | the following spell memorised: Slow; and the following
                  | spells available to memorise: Summon Guardian Golem
     0 | D:1      | Reached XP level 1. HP: 12/12 MP: 5/5
   125 | D:1      | Reached skill level 3 in Crossbows
   203 | D:1      | Reached XP level 2. HP: 16/16 MP: 6/6
   785 | D:2      | Reached XP level 3. HP: 20/20 MP: 7/7
  1389 | D:2      | Found a faded altar of an unknown god.
  1431 | D:2      | Prayed at the altar of an unknown god.
  1431 | D:2      | Became a worshipper of Elyvilon the Healer
  1431 | D:2      | Reached * piety under Elyvilon
  1734 | D:3      | Noticed an ice beast
  1742 | D:3      | Killed an ice beast
  1743 | D:3      | Reached skill level 4 in Crossbows
  1743 | D:3      | Reached XP level 4. HP: 25/25 MP: 6/8
  1743 | D:3      | Reached XP level 5. HP: 29/29 MP: 6/9
  2001 | D:3      | Reached ** piety under Elyvilon
  2220 | D:3      | Learned a level 3 spell: Summon Guardian Golem
  2753 | D:4      | Noticed a lemure
  2753 | D:4      | Noticed a lemure
  2753 | D:4      | Noticed a lemure
  2753 | D:4      | Noticed Pikel
  2753 | D:4      | Noticed a lemure
  2837 | D:3      | Killed a lemure
  3019 | D:3      | Gained mutation: You are somewhat resistant to further
                  | mutation. [potion of mutation]
  3019 | D:3      | Gained mutation: You are partially covered in iridescent
                  | scales. (AC +2) [potion of mutation]
  3027 | D:4      | Elyvilon protects you from harm!
  3052 | D:3      | Killed Pikel
  3053 | D:3      | Reached skill level 6 in Crossbows
  3053 | D:3      | Reached skill level 1 in Stealth
  3053 | D:3      | Reached XP level 6. HP: 2/34 MP: 10/10
  3053 | D:3      | Reached XP level 7. HP: 3/38 MP: 11/11
  3401 | D:4      | Found a transporter.
  3402 | D:4      | Noticed Clumpoid's ghost (weakling GnFi)
  3403 | D:4      | Found a transporter.
  3690 | D:4      | Reached skill level 5 in Hexes
  3907 | D:4      | Reached *** piety under Elyvilon
  4078 | D:4      | Demolished by an ogre

Illustrated notes

Levels and vault maps discovered:
D:1:      giann_bridges, layout_loops_ring, serial_bayou_pond_e
D:2:      layout_basic, ebering_ecumenical_altar_sacrificial
D:3:      layout_rooms, skrybe_limestone_x, grunt_decor_arrowhead,
          nicolae_elevator_lobby_asterisk
D:4:      layout_loops_corners, gammafunk_ghost_arena, uniq_pikel

Skill      XL: |  1  2  3  4  5  6  7 |
---------------+----------------------+-----
Crossbows      | 3 4 6 |  6.6
Hexes          | 3 4 5 |  5.1
Dodging        | 2 4 |  4.9
Stealth        | 1 |  1.1
Summonings     | 2 3 |  3.0
Fighting       | |  1.0
Armour         | |  1.5
Spellcasting   | |  1.5

Action                   |  1- 3 |  4- 6 |  7- 9 || total
-------------------------+-------+-------+-------++-------
 Fire: Hand crossbow     |   110 |    93 |    53 ||   256
 Cast: Slow              |     1 |    11 |     6 ||    18
  Use: Scroll            |       |     1 |     3 ||     4
       Potion            |       |     1 |       ||     1
Armor: Robe              |     8 |     3 |    10 ||    21
Dodge: Dodged            |    23 |    46 |    58 ||   127

Table legend: (Time is in decaauts)
 A = Elapsed time spent in this place.
 B = Non-inter-level travel time spent in this place.
 C = Inter-level travel time spent in this place.
 D = Time resting spent in this place.
 E = Time spent auto-exploring this place.
 F = Levels seen in this place.
 G = Mean time per level.
                   A        B        C        D        E       F      G
               +--------+--------+--------+--------+--------+-----+--------+
         Total |   4151 |   2933 |   1218 |      0 |   1557 |   4 | 1037.8 |
       Dungeon |   4151 |   2933 |   1218 |      0 |   1557 |   4 | 1037.8 |
               +--------+--------+--------+--------+--------+-----+--------+

Top non-repeatable levels by time:
     D:3: 1287 daAuts
     D:4: 1224 daAuts
     D:2: 837 daAuts
     D:1: 801 daAuts
